Map: Persephone LE

Players

Imperius

  • Race: Terran Terran
  • Spawn Location: 11:00

VOD

Have the link to the VOD?

Description

Time

  • Played on: April 29, 2025, 7:04 p.m.
  • Length: 20:53
Show
View Real Time Build Order
Export as new Build Order

Imperius Terran 

Build Orders:  

Get SALT Encoding   

  12  0:09  SCV  
  13  0:30  Supply Depot  
  13  0:31  SCV  
  14  0:42  Refinery  
  14  0:52  SCV  
  15  1:05  Barracks  
  15  1:20  SCV  
  16  1:37  SCV  
  17  2:01  Barracks  
  17  2:12  Supply Depot, Orbital Command  
  17  2:31  Barracks Tech Lab  
  17  2:57  Factory  
  17  2:59  SCV  
  18  3:16  SCV  
  19  3:24  Marine  
  20  3:33  SCV  
  20  3:37  Barracks Reactor  
  21  3:48  Refinery  
  21  3:49  SCV, Marine  
  23  4:06  SCV  
  24  4:14  Marine  
  25  4:23  SCV  
  26  4:30  Factory Tech Lab  
  26  4:35  Marine  
  26  4:36  Marine  
  26  4:37  Command Center  
  26  4:39  Marine  
  29  4:40  SCV  
  30  4:55  Starport  
  30  5:00  Marine  
  31  6:09  Supply Depot  
  31  6:17  Siege Tank, Medivac, Marine x2  
  38  6:36  SCV  
  39  6:42  Supply Depot, Marine  
  40  6:56  SCV  
  41  7:08  Refinery  
  41  7:13  SCV  
  42  7:30  SCV, Marine x3  
  42  7:37  Supply Depot  
  46  7:47  SCV  
  47  7:53  Siege Tank  
  47  7:55  Marine x3  
  53  8:04  SCV  
  54  8:20  Marine x3  
  54  8:21  SCV  
  58  8:37  Stimpack  
  58  8:38  SCV, Siege Tank  
  58  8:45  Marine x3  
  60  9:02  Medivac  
  62  9:10  Marine x3  
  62  9:17  Supply Depot  
  62  9:19  Supply Depot  
  65  9:21  SCV  
  65  9:23  Siege Tank  
  69  9:35  Refinery, Marine  
  70  9:47  SCV, Marine x2, Medivac  
  75  9:59  Marine  
  75  10:04  SCV  
  75  10:08  Siege Tank  
  80  10:12  Marine  
  81  10:21  SCV  
  82  10:37  SCV  
  83  10:54  SCV  
  84  11:09  Marine  
  85  11:11  SCV  
  86  11:21  Barracks  
  86  11:24  Supply Depot  
  86  11:54  Viking, Marine x3, Siege Tank  
  94  12:29  Marine  
  94  12:31  SCV, Marine x2  
  94  12:36  Viking  
  87  12:48  SCV  
  78  12:54  Marine  
  78  12:56  Marine x2  
  81  13:19  Marine  
  82  13:21  Marine x2  
  84  13:44  Marine  
  84  13:46  Marine x2  
  86  14:09  Marine  
  87  14:11  Marine x2  
  87  14:18  Siege Tank  
  92  14:28  Medivac  
  94  14:34  Supply Depot  
  94  15:04  Marine, Siege Tank  
  98  15:10  Medivac  
  98  15:19  Marine x2  
  102  15:29  Supply Depot  
  102  15:59  Siege Tank, Marine x3, Medivac  
  110  16:02  Supply Depot  
  110  16:32  SCV, Marine x3  
  110  16:38  Supply Depot  
  114  16:41  Medivac  
  114  16:46  Marine  
  114  16:49  SCV  
  118  17:08  Marine x3, Siege Tank  
  124  17:11  Marine  
  125  17:33  Marine  
  126  17:56  Marine x3  
  126  17:58  Marine  
  126  17:59  Siege Tank  
  62  18:21  Marine x3  
  62  18:28  Marine  
  66  18:44  Siege Tank  
  66  18:46  Marine x3  
  72  18:53  Marine  
  73  19:11  Marine x3  
  73  19:18  Marine  
  77  19:29  Siege Tank  
  80  19:36  Marine x3  
  83  19:42  Marine  
  84  20:01  Marine x3  
  84  20:07  Marine  
  88  20:26  Marine x3  
Tags
 
Add a new tag
Caveats
  • Supply blocks, unpowered buildings, or Contaminate may cause inaccurate times.
  • Supply counts are checked every 10 seconds.